 Dungeon Crawl Stone Soup version 0.28.0-53-g5a82cb258f (webtiles) character file.

Game seed: 3699922976123985408

28 ZappyNine the Ruffian (level 3, 0/31 HPs)
             Began as a Naga Transmuter on June 2, 2022.
             Succumbed to a kobold's poison
             ... on level 2 of the Dungeon.
             The game lasted 00:01:54 (2559 turns).

ZappyNine the Ruffian (Naga Transmuter)             Turns: 2559, Time: 00:01:55

Health: 0/31       AC:  2    Str: 14    XL:     3   Next: 14%
Magic:  4/6        EV:  9    Int: 13    God:
Gold:   74         SH:  0    Dex: 11    Spells: 0/6 levels left

rFire   . . .      SeeInvis +   f - +0 dagger
rCold   . . .      Faith    .   (no shield)
rNeg    . . .      Spirit   .   a - +0 robe
rPois   +          Reflect  .   (helmet currently unavailable)
rElec   .          Harm     .   (no cloak)
rCorr   .          Rampage  .   (no gloves)
Will    .....                   (no barding)
Stlth   +.........              (no amulet)
HPRegen 0.10/turn               (no ring)
MPRegen 0.10/turn               (no ring)

@: lethally poisoned (0 -> -19), appendages (expiring), wereblooded, very slow
A: horns 2, AC +1, large, see invisible, deformed body, poison resistance,
slowness 2, spit poison 1, naga tail 1
a: Spit Poison, End Transformation


You were on level 2 of the Dungeon.
You had temporarily grown beastly horns.
You visited 1 branch of the dungeon, and saw 2 of its levels.

You collected 74 gold pieces.

Inventory:

Hand Weapons
 f - a +0 dagger (weapon)
Armour
 a - a +0 robe (worn)
 h - a +0 barding (melded)
Scrolls
 c - a scroll of enchant armour {unknown}
 e - a scroll of identify {unknown}
 g - a scroll of noise {unknown}
 i - a scroll of acquirement {unknown}
Potions
 b - a potion of invisibility {unknown}
 d - a potion of curing {unknown}


   Skills:
 - Level 1.6 Fighting
 - Level 1.5 Dodging
 - Level 3.6 Unarmed Combat
 + Level 2.0 Spellcasting
 + Level 2.4 Transmutations
 * Level 0.1 Poison Magic


You couldn't memorise any spells.
You knew the following spells:

 Your Spells              Type           Power      Damage    Failure   Level
a - Beastly Appendage     Tmut           14%        N/A       10%         1
b - Wereblood             Tmut           7%         N/A       14%         2
c - Spider Form           Tmut/Pois      4%         N/A       41%         3

Your spell library contained the following spells:

 Spells                   Type           Power      Damage    Failure   Level
 Ice Form                 Ice/Tmut       4%         N/A       83%         4


Dungeon Overview and Level Annotations

Branches:
Dungeon (2/15)

Altars:


Innate Abilities, Weirdness & Mutations

You have temporarily grown beastly horns.
Your serpentine skin is tough. (AC +1)
You have supernaturally acute eyesight. (SInv)
Armour fits poorly on your strangely shaped body.
Your system is resistant to poisons. (rPois)
You cover ground very slowly.
You can spit poison.
You have a snake-like lower body.


Message History

You hit the hobgoblin.
The hobgoblin is almost dead.
The hobgoblin hits you.
Casting: Beastly Appendage (safe; 10% risk of failure)
Confirm with . or Enter, or press ? or * to list all spells.
Your blood is infused with primal strength.
The hobgoblin hits you but does no damage.
Unknown command.
You closely miss the hobgoblin.
You headbutt the hobgoblin, but do no damage.
The hobgoblin is severely wounded.
The hobgoblin hits you but does no damage.
You hit the hobgoblin.
You feel a bit better.
You kill the hobgoblin!
You completely miss the kobold. Your headbutt misses the kobold.
The kobold hits you with a +1 short sword of venom.
You are poisoned.
You barely miss the kobold.
Your transformation is almost over.
You feel very sick. The kobold barely misses you.
You barely miss the kobold.
You feel sick.
The kobold hits you with a +1 short sword of venom.
You are more poisoned.
You barely miss the kobold.
You feel very sick. The kobold closely misses you.
You hit the kobold but do no damage. Your headbutt misses the kobold.
You feel very sick.
The kobold hits you with a +1 short sword of venom.
* * * LOW HITPOINT WARNING * * *
You are more poisoned.
You hit the kobold. Your headbutt misses the kobold.
The kobold is severely wounded.
* * * LOW HITPOINT WARNING * * *
You feel very sick. The kobold closely misses you.
You hit the kobold but do no damage.
The kobold is heavily wounded.
You die...

#.#.# #.#. ....
#.. #.. #.# #K#
#@# ### #.# ..#
#########.#
..######.......#.#
#<.#.#[###.###.#.#
####.......# #.#.#
####.#.###.# #.#.#
.....### #.# #.#.#
####.#####.# #.#.#


You could see a kobold.

Vanquished Creatures
  2 ball pythons (D:1)
  An endoplasm (D:1)
  2 giant cockroaches (D:1)
  3 hobgoblins
  2 jackals (D:1)
  2 kobolds (D:1)
  A quokka (D:1)
  A bat (D:1)
  2 frilled lizards (D:1)
  6 goblins (D:1)
  2 rats (D:1)
24 creatures vanquished.

Notes
Turn   | Place    | Note
-------+----------+-------------------------------------------
     0 | D:1      | ZappyNine the Naga Transmuter began the quest for the Orb.
     0 | D:1      | Reached XP level 1. HP: 18/18 MP: 3/3
   508 | D:1      | Reached XP level 2. HP: 25/25 MP: 3/5
   511 | D:1      | Learned a level 2 spell: Wereblood
  1988 | D:1      | Reached XP level 3. HP: 23/31 MP: 4/6
  2477 | D:2      | Learned a level 3 spell: Spider Form
  2559 | D:2      | Succumbed to a kobold's poison

Illustrated notes

Levels and vault maps discovered:
D:1:      co_arrival_random_square_maze, layout_loops_corners, minivault_23,
          minmay_statues_item
D:2:      cheibrodos_greedy_goblins, layout_loops_ring, grunt_decor_fettered,
          kennysheep_generic_room_10, uniq_sigmund

Action                   || total
-------------------------++-------
Melee: Unarmed           ||    35
       Headbutt          ||    11
       Dagger            ||    81
       Punch             ||     3
 Cast: Beastly Appendage ||    19
       Wereblood         ||     2
Armor: Robe              ||    31
Dodge: Dodged            ||    45
